Map: Waterfall

Players

Kocmoc

  • Race: Protoss Protoss
  • League: Silver
  • Spawn Location: 1:00

Slaktarn - Winner!

  • Race: Terran Terran
  • League: Bronze
  • Spawn Location: 7:00

VOD

Have the link to the VOD?

Description

Time

  • Played on: Oct. 7, 2022, 3:53 p.m.
  • Length: 28:57
Show
View Real Time Build Order
Export as new Build Order

Kocmoc Protoss 

Build Orders: 1 Gate Expand 

Get SALT Encoding   

  12  0:00  Probe  
  13  0:17  Pylon, Probe  
  14  0:29  Probe  
  15  0:35  Gateway  
  15  0:43  Assimilator  
  15  0:44  Probe  
  16  0:56  Probe  
  17  1:23  Cybernetics Core  
  17  1:30  Nexus  
  17  1:31  Probe  
  18  1:47  Pylon  
  18  1:50  Probe  
  18  1:51  Warp Gate (Chrono Boost)  
  19  1:59  Assimilator  
  19  2:02  Probe  
  20  2:13  Stalker (Chrono Boost)  
  22  2:24  Probe  
  23  2:36  Probe  
  24  2:38  Stalker (Chrono Boost)  
  26  2:46  Probe  
  27  2:58  Probe  
  27  3:00  Probe  
  29  3:07  Pylon  
  29  3:10  Probe  
  29  3:12  Gateway  
  30  3:13  Robotics Facility  
  30  3:17  Pylon  
  30  3:23  Probe x2  
  32  3:33  Shield Battery  
  32  3:35  Probe x2  
  32  3:37  Stalker  
  36  3:42  Twilight Council  
  36  3:48  Probe x2  
  38  4:01  Observer  
  38  4:02  Probe x2  
  41  4:07  Assimilator  
  41  4:10  Stalker  
  41  4:11  Stalker  
  41  4:15  Blink (Chrono Boost)  
  45  4:21  Probe  
  45  4:22  Probe  
  47  4:33  Probe  
  47  4:34  Probe  
  49  4:38  Assimilator  
  49  4:40  Stalker  
  49  4:41  Stalker  
  53  4:53  Probe x2  
  53  4:57  Immortal  
  59  5:05  Probe x2  
  61  5:10  Pylon  
  61  5:11  Pylon  
  61  5:12  Pylon  
  61  5:19  Gateway  
  61  5:21  Probe  
  63  5:28  Probe  
  63  5:37  Stalker x2  
  67  5:50  Forge  
  67  5:51  Charge (Chrono Boost)  
  67  5:55  Robotics Bay  
  67  6:00  Gateway x2  
  67  6:02  Pylon  
  67  6:06  Pylon  
  67  6:10  Immortal  
  71  6:14  Protoss Ground Weapons Level 1 (Chrono Boost)  
  71  6:15  Stalker x2  
  71  6:16  Stalker  
  77  6:41  Extended Thermal Lance  
  77  7:04  Colossus  
  83  7:15  Zealot x2  
  83  7:16  Zealot x3  
  93  7:29  Pylon  
  93  7:30  Pylon  
  93  7:32  Pylon  
  93  7:38  Zealot x2  
  93  7:39  Zealot x2  
  101  7:47  Zealot  
  103  7:52  Protoss Ground Armor Level 1 (Chrono Boost)  
  103  7:57  Colossus  
  109  8:23  Nexus  
  109  8:25  Pylon  
  109  8:42  Gateway  
  109  8:45  Gateway  
  109  8:51  Sentry  
  109  8:52  Zealot, Sentry  
  109  8:53  Zealot  
  109  8:54  Zealot  
  119  9:10  Observer  
  119  9:11  Disruptor  
  119  9:16  Pylon  
  122  9:17  Pylon  
  122  9:19  Pylon  
  122  9:32  Protoss Ground Weapons Level 2 (Chrono Boost)  
  122  9:35  Probe (Chrono Boost)  
  123  9:45  Probe (Chrono Boost)  
  124  9:46  Gravitic Boosters  
  124  9:47  Disruptor  
  124  9:50  Probe (Chrono Boost)  
  128  10:01  Probe  
  128  10:04  Shield Battery  
  129  10:13  Probe  
  130  10:14  Templar Archives  
  130  10:23  Observer, Stalker x4  
  130  10:24  Stalker x3  
  145  10:35  Probe  
  146  10:41  Assimilator  
  146  10:47  Probe  
  147  10:59  Probe  
  147  11:01  High Templar  
  147  11:02  High Templar x6  
  162  11:11  Probe  
  163  11:15  Assimilator  
  163  11:23  Probe  
  164  11:36  Protoss Ground Armor Level 2 (Chrono Boost)  
  164  11:51  Psionic Storm  
  164  12:14  Stalker x3  
  164  12:15  Stalker  
  172  12:19  Pylon  
  172  12:20  Pylon  
  172  12:21  Pylon  
  172  12:23  Pylon  
  172  12:26  Pylon  
  172  12:28  Pylon  
  172  12:51  Nexus  
  172  12:55  Pylon  
  102  13:23  Stalker x6  
  102  13:24  Stalker  
  96  13:31  Colossus (Chrono Boost)  
  96  13:41  Protoss Ground Weapons Level 3 (Chrono Boost)  
  102  13:47  Shield Battery  
  102  13:49  Photon Cannon  
  102  13:50  Photon Cannon  
  102  13:59  High Templar  
  102  14:00  High Templar x6  
  116  14:03  Probe (Chrono Boost)  
  117  14:13  Probe (Chrono Boost)  
  118  14:17  Colossus  
  118  14:18  Probe (Chrono Boost)  
  125  14:25  Assimilator  
  125  14:30  Probe  
  126  14:32  Zealot x3  
  126  14:33  Zealot x4  
  140  14:42  Probe  
  141  14:54  Probe  
  142  15:06  Probe, Assimilator  
  143  15:09  Zealot x5  
  143  15:10  Zealot x2  
  157  15:15  Colossus  
  157  15:18  Probe  
  164  15:30  Probe  
  165  15:41  Stalker x4  
  165  15:42  Stalker x3  
  179  16:16  Protoss Ground Armor Level 3 (Chrono Boost)  
  179  16:21  Sentry x2  
  179  16:23  Zealot x5  
  193  16:42  Nexus  
  193  16:43  Observer, Pylon  
  193  16:55  Stalker x2  
  193  16:56  Stalker  
  71  18:05  Stalker x3  
  71  18:06  Colossus (Chrono Boost), Stalker x4  
  85  18:17  Probe (Chrono Boost)  
  87  18:27  Probe (Chrono Boost)  
  87  18:32  Probe (Chrono Boost)  
  88  18:34  Assimilator  
  88  18:36  Shield Battery  
  88  18:38  Stalker x2  
  88  18:40  Stalker x2  
  88  18:41  Stalker x3  
  102  18:43  Probe  
  103  18:53  Colossus  
  109  18:55  Probe  
  109  18:57  Protoss Shields Level 1 (Chrono Boost)  
  109  19:02  Assimilator  
  110  19:09  High Templar x2  
  114  19:10  High Templar x5  
  114  19:16  Archon x3  
  124  19:35  Observer  
  124  19:45  Zealot x2  
  124  19:46  Zealot x5  
  104  20:22  Stalker x2  
  104  20:23  Stalker x3  
  104  20:24  Stalker x2  
  96  20:48  Zealot x6  
  96  20:49  Zealot  
  110  21:01  Stargate  
  110  21:05  Gateway  
  110  21:09  Gateway  
  110  21:20  High Templar x2  
  110  21:21  High Templar x5  
  110  21:25  Archon x3  
  124  21:30  Nexus  
  124  21:41  Pylon  
  124  21:54  Stalker x5  
  126  21:55  Stalker x2  
  138  22:12  Stalker x2  
  142  22:44  Stalker x3  
  142  22:45  Stalker x2  
  142  22:46  Stalker x4  
  156  23:15  Zealot x6  
  156  23:16  Zealot x3  
  174  23:29  Probe  
  175  23:37  Stalker  
  175  23:38  Stalker x5  
  175  23:39  Stalker  
  175  23:40  Stalker x2  
  131  24:31  Stalker x6  
  109  24:32  Stalker x3  
  109  24:34  Colossus (Chrono Boost)  
  129  24:40  Protoss Shields Level 2  
  129  24:48  Assimilator  
  129  24:51  Assimilator  
  121  25:06  Stalker x4  
  121  25:07  Stalker x5  
  127  25:21  Colossus  
  117  25:34  Stalker  
  99  25:35  Stalker x2  
  99  25:36  Stalker x4  
  99  25:37  Stalker x2  
  87  26:12  Stalker  
  87  26:13  Stalker  
  87  26:14  Colossus, Stalker x5  
  87  26:15  Stalker x2  
  111  26:53  Zealot x3  
  111  26:54  Zealot x5  
  119  26:55  Zealot  
  129  27:17  Assimilator  
  92  27:47  High Templar  
  92  27:48  High Templar x3  
  92  27:49  High Templar x5  
  110  27:53  Archon x2  
  110  27:54  Archon x2  
  110  27:59  Shield Battery  
  48  28:33  Stalker x7  
  48  28:34  Stalker x2  
Show
View Real Time Build Order
Export as new Build Order

Slaktarn Terran - Winner!

Build Orders: Reaper Expand 

Get SALT Encoding   

  12  0:00  SCV  
  13  0:12  SCV  
  14  0:17  Supply Depot  
  14  0:25  SCV  
  15  0:39  SCV  
  16  0:42  Barracks  
  16  0:45  Refinery  
  16  0:51  SCV  
  17  1:03  SCV  
  18  1:15  SCV  
  19  1:30  Orbital Command  
  19  1:31  Reaper  
  20  1:41  Command Center  
  20  1:55  SCV  
  21  2:03  Supply Depot, Marine  
  21  2:07  SCV  
  23  2:16  Factory  
  23  2:18  Refinery  
  23  2:24  Barracks Reactor  
  23  2:25  SCV  
  24  2:37  SCV  
  25  2:49  SCV  
  26  2:53  Barracks  
  26  2:55  Barracks  
  26  2:59  Orbital Command  
  26  3:01  SCV  
  26  3:06  Factory Tech Lab  
  26  3:09  Starport  
  26  3:14  Marine x2  
  26  3:16  SCV  
  29  3:28  SCV  
  29  3:29  Cyclone  
  29  3:32  SCV, Marine x2  
  36  3:40  SCV  
  37  3:42  Barracks Tech Lab x2  
  37  3:45  SCV  
  38  3:50  Marine x2  
  38  3:53  SCV  
  41  3:57  SCV  
  41  4:02  Siege Tank  
  45  4:06  Engineering Bay  
  45  4:07  Supply Depot  
  45  4:08  Marine  
  46  4:14  Marine  
  47  4:20  Stimpack  
  47  4:21  Marine x2  
  49  4:24  SCV  
  49  4:25  SCV  
  49  4:27  Refinery, Marine  
  52  4:32  Marine  
  52  4:34  Supply Depot  
  52  4:37  SCV x2  
  55  4:39  Marine  
  55  4:42  Marine  
  57  4:47  Marine  
  57  4:49  SCV x2  
  60  4:56  Supply Depot, Siege Tank  
  60  4:57  Supply Depot  
  63  5:00  Combat Shield  
  63  5:03  SCV  
  63  5:04  SCV  
  65  5:08  Terran Infantry Weapons Level 1  
  65  5:15  Refinery, SCV  
  65  5:16  SCV  
  65  5:17  Marine x2  
  65  5:19  Marine  
  65  5:20  Marine  
  71  5:25  Engineering Bay  
  71  5:29  Supply Depot  
  71  5:32  Supply Depot  
  71  5:35  SCV, Marine x2  
  72  5:37  SCV  
  75  5:47  SCV  
  75  5:49  SCV  
  77  5:53  Marine  
  77  5:54  Marine  
  77  5:55  Command Center  
  77  5:56  Starport Reactor  
  79  5:59  SCV  
  79  6:00  Terran Infantry Armor Level 1  
  80  6:06  Supply Depot  
  80  6:08  Supply Depot, Marine x2  
  82  6:12  Siege Tank  
  82  6:14  SCV x2  
  82  6:17  Marine x2  
  89  6:32  SCV x2, Marine x2  
  91  6:34  Armory  
  91  6:35  Marine x2  
  95  6:40  Supply Depot  
  95  6:42  Supply Depot, Medivac  
  95  6:45  Medivac  
  99  6:50  Siege Tank, Marine x2  
  99  6:53  Marine x2  
  106  7:08  Marine x2  
  108  7:17  Medivac x2  
  108  7:18  Marine  
  108  7:19  Marine  
  108  7:20  Terran Infantry Weapons Level 2  
  108  7:22  Siege Tank  
  117  7:24  Supply Depot  
  117  7:26  Supply Depot, Marine x2  
  119  7:36  Marine x2  
  121  7:44  Marine  
  122  7:48  SCV x2  
  125  7:54  Siege Tank, Orbital Command  
  125  7:58  Marine x3  
  127  8:00  SCV x2, Terran Infantry Armor Level 2  
  127  8:01  Marine  
  127  8:02  Terran Vehicle Weapons Level 1  
  133  8:06  Supply Depot  
  133  8:12  SCV x2  
  135  8:13  Supply Depot  
  135  8:16  Marine x2  
  135  8:17  Barracks  
  135  8:18  Marine  
  135  8:19  SCV, Marine, Barracks  
  140  8:23  Refinery  
  140  8:24  Refinery, SCV x2  
  142  8:29  Siege Tank  
  142  8:30  Medivac  
  142  8:31  SCV  
  142  8:34  Marine x2, Medivac  
  149  8:36  SCV x2  
  149  8:37  Marine x2  
  156  8:51  Marine  
  156  8:52  Marine  
  156  8:54  Marine  
  156  8:55  Marine  
  160  9:05  SCV x3  
  160  9:06  Barracks  
  160  9:09  Command Center, Marine x2  
  164  9:10  Barracks  
  164  9:12  Marine  
  164  9:13  Command Center  
  166  9:17  SCV  
  166  9:18  SCV x2  
  166  9:19  Marine  
  166  9:20  Barracks Tech Lab  
  166  9:22  Barracks Tech Lab  
  169  9:27  Marine x2  
  169  9:29  SCV  
  169  9:30  SCV x2  
  173  9:33  Siege Tank  
  173  9:34  Medivac x2  
  180  9:50  Terran Infantry Weapons Level 3  
  180  9:54  Supply Depot  
  180  9:55  SCV  
  180  9:56  Supply Depot  
  181  10:03  SCV x2  
  181  10:04  Medivac x2  
  187  10:15  Siege Tank  
  190  11:07  Terran Infantry Armor Level 3  
  190  11:09  Terran Vehicle Weapons Level 2  
  190  11:24  Planetary Fortress  
  190  11:33  Refinery  
  190  11:34  Refinery  
  190  11:39  Marine  
  190  11:40  Refinery, Marine x7  
  190  11:42  Refinery, Medivac  
  190  11:46  Planetary Fortress  
  200  11:54  Armory  
  200  12:24  Sensor Tower  
  200  12:27  Hi-Sec Auto Tracking  
  200  12:50  Terran Vehicle And Ship Armor Level 1  
  171  13:18  Marine  
  171  13:19  Marine x7  
  133  13:20  Siege Tank  
  133  13:21  Medivac x2  
  126  13:36  Marine x2  
  126  13:37  Marine x4  
  134  13:43  Command Center, Barracks Tech Lab  
  134  13:44  Neosteel Armor, Barracks Tech Lab  
  132  13:50  Terran Vehicle Weapons Level 3  
  132  13:52  Siege Tank  
  132  13:54  Marine x2  
  137  13:57  Ghost Academy, Factory  
  137  13:58  Factory  
  137  14:16  Sensor Tower  
  137  14:24  Siege Tank, Marauder  
  137  14:25  Marauder x5  
  137  14:27  Marine x2  
  154  14:35  Barracks  
  154  14:42  Factory  
  154  14:44  Barracks  
  154  14:45  Marine x2, Ghost  
  154  14:46  Marauder x2, Ghost x3  
  154  14:52  Factory Tech Lab  
  168  14:54  Factory Tech Lab  
  168  15:03  Marine x2  
  168  15:05  Terran Vehicle And Ship Armor Level 2  
  168  15:06  Ghost  
  170  15:07  Ghost  
  170  15:08  Enhanced Shockwaves  
  170  15:13  Ghost  
  174  15:14  Ghost  
  174  15:15  Marine x2  
  174  15:21  Marine x2  
  182  15:32  Marine  
  182  15:33  Marine  
  184  15:35  Marine x2  
  184  15:40  Marine x2  
  184  15:42  Ghost  
  188  15:43  Ghost  
  188  15:44  Siege Tank x2, Factory Tech Lab  
  198  15:50  Ghost  
  199  15:58  Marine  
  199  16:27  Barracks Tech Lab  
  199  16:28  Barracks Tech Lab  
  199  16:29  Personal Cloaking  
  199  17:03  Planetary Fortress  
  139  17:54  Siege Tank x2  
  139  17:55  Marauder x8  
  139  17:56  Marine x2  
  152  18:14  Marine x2  
  152  18:16  Marauder  
  152  18:17  Marauder x7  
  152  18:19  Orbital Command  
  170  18:26  Siege Tank x2  
  176  18:27  Refinery  
  176  18:31  Marine  
  176  18:32  Marine  
  178  18:37  Marine x2  
  178  18:38  Marauder x4, Marine x2  
  189  18:49  Marine x2  
  191  18:55  Marine  
  191  18:56  Marauder x3  
  191  18:58  Marine  
  191  18:59  Marine  
  200  19:15  Nuke  
  200  19:23  Command Center  
  128  20:22  Marauder x8, Marine x2  
  128  20:24  Concussive Shells  
  128  20:26  Siege Tank x2  
  130  20:43  Marauder x8  
  146  20:58  Siege Tank x2  
  152  21:04  Marauder  
  152  21:05  Marauder x6  
  166  21:13  Marauder  
  166  21:14  Marine  
  166  21:15  Marine  
  170  21:26  Marauder x7  
  170  21:27  Planetary Fortress  
  170  21:30  Siege Tank x2  
  170  21:32  Marine x2  
  191  21:34  Marine  
  193  21:47  Marine x7  
  193  21:52  Unknown  
  195  22:43  Siege Tank, Marauder  
  195  22:44  Siege Tank, Marine  
  191  22:45  Marine x8  
  181  23:01  Terran Vehicle And Ship Armor Level 3  
  181  23:02  Marine  
  181  23:03  Marauder x7  
  181  23:04  Marauder  
  197  23:24  Marauder  
  161  24:21  Siege Tank  
  161  24:22  Siege Tank  
  161  24:23  Marauder x2  
  113  24:38  Marauder x6  
  125  24:39  Marine x2  
  125  24:45  Marauder x2  
  131  24:54  Siege Tank x2  
  131  24:57  Marine x2  
  131  24:59  Marauder x2  
  142  25:00  Marauder x4  
  142  25:06  Marauder x2  
  140  25:15  Marine x2  
  140  25:21  Marauder x6  
  150  25:27  Marauder  
  150  25:28  Marauder  
  149  25:32  Marine  
  149  25:33  Marine  
  151  25:42  Marauder x6, Medivac x2  
  163  25:49  Marauder x2  
  153  26:03  Marauder  
  153  26:04  Marauder x5  
  159  26:12  Medivac x2  
  163  26:24  Siege Tank  
  163  26:25  Siege Tank  
  166  26:39  Marauder  
  175  26:40  Marauder x5  
  175  26:41  Marauder x2  
  175  26:42  Marine x2, Medivac x2  
  191  26:59  Marine  
  191  27:00  Marine  
  191  27:01  Marauder x3  
  199  27:17  Marine  
  155  27:51  Marauder  
  155  27:52  Marauder x7  
  147  28:13  Marauder x8  
  159  28:34  Marauder x2  
  159  28:35  Marauder x6  
Tags
 
Add a new tag
Caveats
  • Supply blocks, unpowered buildings, or Contaminate may cause inaccurate times.
  • Supply counts are checked every 10 seconds.